Cogmind - Beta 16 @@@ ROGUE MODE // 2025.12.27 @ 21:09:16 Player: Bity Result: Destroyed by TZ-RDI(R) with Subdweller Laser Performance ------------- Evolutions (0) 0 Regions Visited (2) 400 Robots Destroyed (37) 185 Value Destroyed (911) 911 Prototype IDs (12) 240 Alien Tech Used (0) 0 Bonus (0) 0 TOTAL SCORE: 1736 Bonus ------- None Cogmind --------- Core Integrity 0/250 Matter 73/300 Energy 50/175 System Corruption 0% Temperature Cool (6) Movement Rolling (125) Ox3 Location -10/Subcaves Parts ------- > --- POWER (1+3) ------ Light Ion Engine Light Ion Engine (+) Light Ion Engine (+) > --- PROPULSION (2) --- Wheel Wheel > --- UTILITY (2) ------ High-capacity Storage Unit Power Bank > --- WEAPON (2) ------- Riot Gun Subdweller Shrapnel Launcher > --- INVENTORY (20) --- Light Treads Wheel Weight Redist. System Machine Analyzer Makeshift Thermal Plating Makeshift Hacking Suite Medium Laser Light Assault Rifle Subdweller Shrapnel Launcher Mining Laser Hammer Hammer Peak State ------------ > --- POWER ------------ Light Ion Engine Light Ion Engine > --- PROPULSION ------- Wheel Wheel > --- UTILITY ---------- High-capacity Storage Unit Power Bank > --- WEAPON ----------- Riot Gun Subdweller Shrapnel Launcher > --- INVENTORY -------- Light Ion Engine Light Treads Wheel Weight Redist. System Machine Analyzer Makeshift Thermal Plating Makeshift Hacking Suite Medium Laser Light Assault Rifle Subdweller Shrapnel Launcher Mining Laser Hammer Hammer [Rating: 21] Favorites ----------- Power Light Ion Engine Engine Light Ion Engine Propulsion Light Treads Treads Light Treads Leg Aluminum Leg Wheel Wheel Utility High-capacity Storage Unit Device Seismic Detector Storage High-capacity Storage Unit Processor Signal Interpreter Weapon Light Assault Rifle Energy Gun EM Pulse Gun Ballistic Gun Light Assault Rifle Launcher Grenade Launcher Impact Weapon Hammer Build | -11 -10 -10 ------- Run | Yrd Mat Sub Slots Evolved . | . . . Power . | . . . Propulsion . | . . . Utility . | . . . Weapon . | . . . Parts Attached 26 | 3 6 17 Power 5 | . 2 3 Engine 5 | . 2 3 Core . | . . . Reactor . | . . . Propulsion 7 | 2 1 4 Treads 4 | 2 1 1 Leg . | . . . Wheel 3 | . . 3 Hover . | . . . Flight . | . . . Utility 4 | 1 2 1 Device 2 | 1 . 1 Storage 1 | . 1 . Processor 1 | . 1 . Hackware . | . . . Protection . | . . . Artifact . | . . . Weapon 10 | . 1 9 Energy Gun 3 | . . 3 Energy Cannon . | . . . Ballistic Gun . | . . . Ballistic Cannon . | . . . Launcher 5 | . 1 4 Special Weapon . | . . . Impact Weapon 2 | . . 2 Slashing Weapon . | . . . Piercing Weapon . | . . . Special Melee Weapon . | . . . Unidentified Prototypes . | . . . Parts Lost 11 | . 2 9 Power 2 | . 1 1 Propulsion 4 | . . 4 Utility 1 | . 1 . Weapon 4 | . . 4 Highest Loss Streak 3 | . 1 3 To Critical Strikes . | . . . Average Backups 14 | 6 12 17 Power 2 | 1 2 3 Propulsion 4 | 3 5 4 Utility 1 | . . 2 Weapon 5 | 1 4 7 Tool/Special . | . . . Unused Backups 13 | 4 3 6 Power . | . . . Propulsion 5 | 4 . 1 Utility 6 | . 2 4 Weapon 2 | . 1 1 Tool/Special . | . . . Average Slot Usage (%) 94 | . 99 91 Engine 12 | . 13 12 Treads 20 | . 28 14 Wheel 4 | . . 7 Device 5 | . 12 . Storage 14 | . 14 14 Processor 8 | . 1 14 Energy Gun 4 | . 2 5 Ballistic Gun 8 | . 14 4 Launcher 13 | . 11 15 Peak Build Rating 21 | 7 8 21 Average Rating 8 | 6 7 9 On Entrance 7 | 6 7 8 Avg Prop Armor Cover (%) . | . . . Naked Turns . | . . . Heaviest Build 61 | 12 49 61 Greatest Support 40 | 40 40 40 Greatest Overweight (x) 5 | . 1 5 Average Overweight (x) 2 | . . 2 Largest Inventory Capacity 20 | 8 20 20 Average Capacity 19 | 8 19 20 Most Carried 19 | 8 16 19 Average Carried 14 | 6 12 17 Final Capacity 20 | 8 20 20 Final Carried 16 | 8 16 12 Class Distribution -------------------- 100% | Mutant Dominant Class ---------------- Mutant | -10/Materials Mutant | -10/Subcaves Resources | -11 -10 -10 ----------- Run | Yrd Mat Sub Matter Collected 808 | 231 248 329 Remotely . | . . . Salvage Created 1026 | 113 713 200 Parts 67 | 14 39 14 Haulers Intercepted 2 | . 2 . Recyclers Shooed . | . . . Parts Field Recycled . | . . . Retrieved Matter . | . . . Parts Self-Destructed 8 | . . 8 Prevented 4 | . . 4 Parts Restored . | . . . Kills | -11 -10 -10 ------- Run | Yrd Mat Sub Combat Hostiles Destroyed 27 | . 18 9 Guns 12 | . 9 3 AOE 15 | . 9 6 Classes Destroyed 10 | 2 5 3 Builder 1 | . 1 . Tunneler 2 | 2 . . Hauler 2 | . 2 . Recycler 2 | 1 1 . Turret 2 | . . 2 Watcher 1 | . 1 . Swarmer 8 | . 6 2 Grunt 14 | . 12 2 Sentry 1 | . . 1 Subdweller 4 | . . 4 Best Kill Streak 4 | 1 4 4 Combat Bots Only 4 | . 3 4 Max Kills in Single Turn 2 | 1 2 2 Gunslinging . | . . . Exploded 2 | . 2 1 Melee . | . . . Uniques/NPCs Destroyed . | . . . Combat | -11 -10 -10 -------- Run | Yrd Mat Sub Hostile Shots Fired 184 | . 76 108 Missed 71 | . 28 43 Hits 113 | . 48 65 Projectile 113 | . 48 65 AOE 2 | . . 2 Damage Taken 1353 | . 493 860 Core 255 | . 61 194 Absorbed by Shields . | . . . Core Remaining (%) 100 | 100 . . Volleys Fired 123 | 15 73 35 Largest 2 | 2 2 2 Hottest 90 | 60 60 90 Shots Fired 165 | 16 103 46 Gun 131 | 16 92 23 Cannon . | . . . Launcher 34 | . 11 23 Special . | . . . Kinetic 102 | 15 70 17 Thermal 13 | . . 13 Explosive 18 | . 11 7 Electromagnetic 32 | 1 22 9 Robot Hit Streak 14 | 9 10 14 Robot Miss Streak 5 | 1 5 3 Penetration Max . | . . . Secondary Targets 1 | . 1 . Max Gunslinging Chain 1 | . 1 . Shots Hit Robots 105 | 13 62 30 Core Hits 70 | 6 42 22 Critical Kills . | . . . Critical Parts Destroyed . | . . . Critical Strikes 1 | . . 1 Burn 1 | . . 1 Melee Attacks 12 | . . 12 Impact 12 | . . 12 Slashing . | . . . Piercing . | . . . Sneak Attacks . | . . . Combat Hostiles . | . . . Follow-up Attacks . | . . . Damage Inflicted 2614 | 104 1141 1369 Guns 911 | 104 542 265 Cannons . | . . . Explosions 1703 | . 599 1104 Melee . | . . . Ramming . | . . . Kinetic 1286 | 89 384 813 Thermal 208 | . 84 124 Explosive 806 | . 515 291 Electromagnetic 314 | 15 158 141 Impact . | . . . Slashing . | . . . Piercing . | . . . Highest Corruption . | . . . Average Corruption . | . . . Corruption Purged . | . . . Corruption Blocked . | . . . Overload Shots . | . . . Overflow Damage 17 | . 17 . Projectiles . | . . . Explosions 17 | . 17 . Melee . | . . . Knockbacks . | . . . Impact . | . . . Kinetic . | . . . Secondary . | . . . Self-Inflicted Damage 90 | . 34 56 Shots 7 | . 2 5 Rammed . | . . . Targets Rammed . | . . . Kicked . | . . . Crushed . | . . . Highest Temperature 44 | 20 44 16 Average Temperature 18 | 15 18 9 Received Heat Transfer 456 | . 147 309 Siege Activations . | . . . Martial Activations . | . . . Shielding Activations . | . . . Robots Disrupted . | . . . Combat Hostiles . | . . . Robots Corrupted . | . . . Combat Hostiles . | . . . Parts Fried 1 | . . 1 Impact Corruptions . | . . . Robots Melted . | . . . Combat Hostiles . | . . . Parts Melted . | . . . Heat Transferred 544 | . 100 444 Parts Sabotaged . | . . . Parts Stolen . | . . . Parts Stripped . | . . . Power Chain Reactions 1 | . 1 . Alert | -11 -10 -10 ------- Run | Yrd Mat Sub Maximum Alert Level 1 | . 1 . Low Security (%) 94 | 100 93 . Level 1 5 | . 6 . Level 2 . | . . . Level 3 . | . . . Level 4 . | . . . Level 5 . | . . . High Security . | . . . Max Security . | . . . Peak Influence 235 | 5 235 . Initial . | . . . Average 64 | . 69 . Influence Increases 883 | 15 613 255 Destroy 0b10 Robot/C 500 | . 360 140 Destroy 0b10 Robot/NC 40 | 15 25 . Destroy Leader 86 | . 76 10 Successful Hack 24 | . 24 . Destroy Structure 68 | . 68 . Lose Combat Pursuer 165 | . 60 105 Influence Decreases 883 | 15 613 255 Time Decay 685 | 15 452 218 Lost Part 57 | . 20 37 Purge Threat 141 | . 141 . Squads Dispatched 4 | . 4 . Investigation 2 | . 2 . Extermination . | . . . Reinforcement 2 | . 2 . Assault . | . . . Garrison . | . . . Intercept . | . . . Searches Triggered . | . . . Construction Impeded . | . . . Haulers Reinforced . | . . . Active Scanning Responses . | . . . Cargo Convoy Interrupts . | . . . Stealth | -11 -10 -10 --------- Run | Yrd Mat Sub Distress Signals 2 | . 2 . Communications Jammed . | . . . Distress Signals . | . . . Times Spotted 44 | . 28 16 Peak Tracking Total 4 | . 4 3 Tactical Retreats 5 | . 3 2 Traps | -11 -10 -10 ------- Run | Yrd Mat Sub Traps Triggered 1 | . 1 . Indirectly . | . . . Trap Hack Attempts . | . . . Triggered . | . . . Disarmed . | . . . Reprogrammed . | . . . Reused . | . . . Traps Extracted . | . . . Installed . | . . . Triggered . | . . . Machines | -11 -10 -10 ---------- Run | Yrd Mat Sub Machines Disabled 5 | . . 5 Max in Single Turn 3 | . . 3 Machines Repaired . | . . . Machines Dismantled . | . . . Machines Sabotaged . | . . . Overloaded Fab Kills . | . . . Hacking | -11 -10 -10 --------- Run | Yrd Mat Sub Machines Accessed 8 | . 6 2 Terminals 6 | . 6 . Fabricators . | . . . Repair Stations . | . . . Recycling Units . | . . . Scanalyzers . | . . . Garrison Access . | . . . Total Hacks 40 | . 27 13 Successful 24 | . 11 13 Failed 16 | . 16 . Catastrophic 4 | . 4 . Database Lockouts . | . . . Manual 26 | . 25 1 Terminals 27 | . 27 . Fabricators . | . . . Repair Stations . | . . . Recycling Units . | . . . Scanalyzers . | . . . Garrison Access . | . . . Terminal Hacks 17 | . 4 13 Record 12 | . . 12 Branch Access Points 1 | . 1 . Emergency Access Points 1 | . 1 . Terminal Index 1 | . 1 . Unreport Threat 1 | . 1 . Proto ID Catalog 1 | . . 1 Fabricator Hacks . | . . . Repair Station Hacks . | . . . Recycling Unit Hacks . | . . . Scanalyzer . | . . . Garrison Access Hacks . | . . . Unauthorized Hacks 7 | . 7 . Terminals 7 | . 7 . Track 1 | . 1 . Assimilate 1 | . 1 . Botnet 3 | . 3 . Operators 2 | . 2 . Fabricators . | . . . Repair Stations . | . . . Recycling Units . | . . . Scanalyzers . | . . . Garrison Access . | . . . Data Cores Recovered . | . . . Used . | . . . Hacking Detections 6 | . 6 . Full Trace Events 2 | . 2 . Feedback Events . | . . . Feedback Blocked . | . . . Robot Schematics Acquired . | . . . Robots Built . | . . . Authchips . | . . . Time . | . . . Total Robot Build Rating . | . . . Part Schematics Acquired . | . . . Parts Built . | . . . Authchips . | . . . Time . | . . . Total Part Build Rating . | . . . Part Studies Acquired . | . . . Parts Repaired . | . . . Time . | . . . Parts Recycled . | . . . Recycled Matter . | . . . Retrieved Matter . | . . . Retrieved Components . | . . . Parts Scanalyzed . | . . . Part Schematics Acquired . | . . . Parts Damaged . | . . . Bothacking | -11 -10 -10 ------------ Run | Yrd Mat Sub Used RIF Installer . | . . . Robots Hacked . | . . . Non-combat . | . . . Combat . | . . . Robot Hacks Applied . | . . . Relay Couplers Released . | . . . Fabnet Peak Effective % . | . . . Robots Rewired . | . . . Allies Hacked . | . . . Hacks Repelled . | . . . Allies | -11 -10 -10 -------- Run | Yrd Mat Sub Total Allies . | . . . Largest Group . | . . . Highest-Rated Group . | . . . Highest-Rated Ally . | . . . Total Orders . | . . . Ally Attacks . | . . . Total Damage . | . . . Kills . | . . . Allies Corrupted . | . . . Allies Melted . | . . . Intel | -11 -10 -10 ------- Run | Yrd Mat Sub Active Infowar (turns) 1502 | 27 1475 . Seismic 1502 | 27 1475 . Robot Analysis Total . | . . . Derelict Logs Recovered 3 | . . 3 Drone Launches . | . . . Drone Recoveries . | . . . Exploration | -11 -10 -10 ------------- Run | Yrd Mat Sub Turns Passed 3783 | 116 1687 1980 Spaces Moved 1587 | 38 600 949 Core . | . . . Treads 1034 | 38 600 396 Legs . | . . . Wheels 553 | . . 553 Hover . | . . . Flight . | . . . Fastest Speed 110 | 160 160 110 Average Speed 204 | 160 236 185 Slowest Speed 400 | 160 240 400 Overloaded Moves . | . . . Propulsion Burnouts . | . . . Robots Hopped . | . . . Potential Cave-ins . | . . . Cave-ins Triggered . | . . . Exploration Rate (%) 44 | 4 71 57 Regions Visited 2 Branch Regions 1 Pre-discovered Areas 1 | . . 1 Known Exits Taken 1 | . 1 . Unknown Exits Taken 1 | 1 . . Scrap Searched . | . . . Spaces Dug 19 | . 19 . Terrain Destroyed 254 | . 67 187 Melee . | . . . Projectile . | . . . AOE 254 | . 67 187 Terrain Rammed . | . . . Walls Destroyed . | . . . Machines Disabled . | . . . Actions | -11 -10 -10 --------- Run | Yrd Mat Sub Total 1955 | 80 780 1095 Wait 180 | 17 94 69 Move 1585 | 37 599 949 Hop . | . . . Pick Up 20 | 5 7 8 Fast Attach 2 | 1 1 . Attach 12 | . 1 11 Detach . | . . . Swap 16 | 2 4 10 Drop 5 | 3 1 1 Fire 123 | 15 73 35 Melee 12 | . . 12 Ram . | . . . Kick . | . . . Crush . | . . . Escape Stasis . | . . . Rewire . | . . . Trap . | . . . Miscellaneous . | . . . Route ------- -11/Scrapyard -10/Materials (discovered 3 exits: *Mat / Min / *Sub) -10/Subcaves (discovered 1 exit: *Rec) History --------- Turn | Location | Event 5 | -11/Scrapyard | Discovered new exit (range 3) 117 | -11/Scrapyard | Entered Materials 316 | -10/Materials | Build established: Mutant 1294 | -10/Materials | Identified exit to Mines 1636 | -10/Materials | Discovered new exit (range 7) 1654 | -10/Materials | Identified exit to Materials 1790 | -10/Materials | Discovered new exit (range 6) 1802 | -10/Materials | Identified exit to Subcaves 1804 | -10/Materials | Entered Subcaves 1805 | -10/Subcaves | Approached by a straggling Scientist 1821 | -10/Subcaves | Learned Materials stockpile data 2187 | -10/Subcaves | Learned location of Zion (-6) 2187 | -10/Subcaves | Met a Zionite searching for "candidates" 2492 | -10/Subcaves | Lost 3 parts (2n1w) 2526 | -10/Subcaves | Shifting Twisted Machinery released Riot Gun 2787 | -10/Subcaves | Core integrity fell below 50% 2810 | -10/Subcaves | Discovered new exit (range 15) 2889 | -10/Subcaves | Identified exit to Recycling 3223 | -10/Subcaves | Visited Clippyterm 3228 | -10/Subcaves | Learned Factory trap positions 3395 | -10/Subcaves | Visited 4L-MR0's lab 3433 | -10/Subcaves | Found Power Bank 3511 | -10/Subcaves | Learned Materials emergency access door positions 3547 | -10/Subcaves | Learned Materials stockpile data 3556 | -10/Subcaves | Lost 3 parts (1p2w) 3774 | -10/Subcaves | Shifting Twisted Machinery released Mak. Shrapnel Gun 3775 | -10/Subcaves | Core integrity fell below 20% 3783 | -10/Subcaves | Attached Power Bank, gained temporary slots: Power x3 3784 | -10/Subcaves | Destroyed by TZ-RDI(R) with Subdweller Laser Last Messages --------------- 03531_ Heat Sink fried. 03531_ Y-45 Defender destroyed. 03533_ Acquired 60 matter. 03540_ Corrupted Hvy. Assault Rifle self-destruct mechanism malfunctions. 03547_ Corrupted Heat Sink self-destruct mechanism malfunctions. 03547_ Acquired derelict log, extracted data. Data stored: Materials stockpile data. 03549_ Corrupted Lgt. Treads self-destruct mechanism malfunctions. 03576_ Subatomizers dissect the Corrupted Lgt. Treads. Mak. Shrapnel Gun falls loose from the Twisted Machinery. 03778_ 0E-VIM(R): "ARGHSUB!" 03778_ TZ-RDI(R) IFF system glitched. 03781_ Discarded Signal Interpreter. 03783_ Core temporarily expanded with Power slot. Map ----- +----------------------------------------------------+ | ## ###?????## ##????????????? | | ## ## ###### #?????????????? | | ## #### ### #?????????????? | | ## ##?# ### #?????????????? | | ### ##????# ##### #?????????????? | | #?## #?????## #???# #?????????????? | | #?## ##?????# ##???## #?????????????? | | ### ##???## ######## #?????????????? | | #??## ### ##????????????? | | #### #????????????? | | ## ##????????????? | | ##?????????????? | | ###### ##?????????????? | | #????## ##????????????? | | #????## #????????????? | | ##### #????????????? | | # ## ### ##????????????? | | # #?# #?????????????? | | # ### #?#### #?????????????? | | ### ### ##???# #?????????????? | | ??##### ;;### #### #?????????????? | | ??###### ; ; ##?# ## ##?????????????? | | ### ## ### #####??????????????? | | RR #??????????????????? | | #??????????????????? | | # ##@## #??????????????????? | | ######## "#?#### #??????????????????? | | "#?????## ## ""???### #??????????????????? | | ##???????### " #?### #?####?????????????? | | "??????????# "# #?# ### #?????????????? | | " ?????????#?#""# ?# ## #?????????????? | | ####?????????? #""[#?# #?## ###?????????????? | | ??????????????# ""???###???# ##??????????????? | | ??????????????? #? ?????????# #??????????????? | | ?????????????????#??????????## #?????????????? | | ?????????????????????????????## ##?????????????? | | ??????????????????????????????# ###??????????????? | | ??????????????????????????????###????????????????? | | ?????????????????????????????????????????????????? | | ?????????????????????????????????????????????????? | | ?????????????????????????????????????????????????? | | ?????????????????????????????????????????????????? | | ?????????????????????????????????????????????????? | | ?????????????????????????????????????????????????? | | ?????????????????????????????????????????????????? | | ?????????????????????????????????????????????????? | | ?????????????????????????????????????????????????? | | ?????????????????????????????????????????????????? | | ?????????????????????????????????????????????????? | | ?????????????????????????????????????????????????? | +----------------------------------------------------+ Best States ------------- Heat Dissipation 25 Energy Generation 15 Energy Capacity 250 Matter Stores 300 Matter Capacity 300 Sight Range 16 Terrain Scan Density 10 Evasion (%) 40 Recoil Reduction 2 Item Schematics ----------------- None Robot Schematics ------------------ None Fabricated ------------ Nothing Repaired ---------- Nothing Studied --------- None Alien Tech Used ----------------- None Achievements -------------- Mistaken Identity Challenges ------------ None Game ------ Seed BlastArmageddonPit Manual? 0 Play Time 00:20:47 Cumulative 37.3 hours Start 2025.12.27 @ 20:48:26 End 2025.12.27 @ 21:09:16 Sessions 1 Manual Loads 0 Difficulty Rogue Special Mode None Game No. 45 Rogue 45 Adventurer 0 Explorer 0 Win Type - Total 1 Types 1/0/0/0/0/0/0/0/0/0 Lore% 27 Gallery% 40 Achievement% 31 Wizard Run 0 Options --------- Layout 2 ASCII 0 Keyboard 1 Movement Numpad Keybinds 0 Fullscreen 1 Font 24/Smallcaps Map View 50x44 Zoom Use 0% Tactical HUD 1 Map Filters NONE Filters NONE Steam 1 RUN: bf152216-5ea2-41a1-b1a9-4052aa56b96f